Map: Dusk Towers

Players

Miszu - Winner!

  • Race: Terran Terran
  • League: Grandmaster

Vincent

  • Race: Zerg Zerg
  • League: Grandmaster

VOD

Have the link to the VOD?

Description

Time

  • Played on: May 16, 2016, 2:20 p.m.
  • Length: 9:23
Show
View Real Time Build Order
Export as new Build Order

Miszu Terran - Winner!

Build Orders: Hellion Banshee 

Get SALT Encoding   

  12  0:01  SCV  
  13  0:13  SCV  
  14  0:18  Supply Depot  
  14  0:25  SCV  
  15  0:40  SCV  
  15  0:41  Barracks  
  16  0:43  Refinery  
  16  0:52  SCV  
  17  1:04  SCV  
  18  1:16  SCV  
  20  1:35  Reaper  
  20  1:37  Orbital Command  
  20  1:39  Command Center  
  20  1:47  Supply Depot  
  20  1:53  Refinery  
  20  2:02  SCV  
  20  2:07  Marine  
  22  2:12  Factory  
  22  2:16  SCV  
  23  2:25  Barracks Reactor  
  24  2:30  SCV  
  24  2:42  SCV  
  25  2:51  Orbital Command  
  25  2:55  SCV  
  25  2:57  Starport  
  26  3:07  Hellion x2, SCV  
  26  3:10  Barracks Tech Lab  
  31  3:17  SCV  
  31  3:19  SCV  
  33  3:28  Hellion  
  33  3:29  SCV  
  33  3:32  SCV  
  36  3:41  Hellion, Banshee  
  36  3:47  Barracks Tech Lab  
  36  3:48  Barracks Reactor  
  41  3:49  SCV  
  41  3:50  Supply Depot, SCV  
  43  3:59  Command Center  
  43  4:01  SCV  
  43  4:02  SCV  
  45  4:11  Refinery  
  45  4:13  Refinery, SCV  
  45  4:14  Hellion x2  
  50  4:19  SCV  
  50  4:20  Supply Depot  
  51  4:24  Liberator x2  
  51  4:25  SCV  
  52  4:38  Supply Depot  
  52  4:43  SCV  
  59  4:46  SCV  
  59  4:52  Armory  
  60  4:54  Hellion  
  60  4:59  SCV x2  
  66  5:00  Hellion  
  66  5:01  Supply Depot  
  66  5:07  Liberator x2  
  66  5:11  SCV x2  
  68  5:22  Hellion x2  
  68  5:23  Orbital Command  
  78  5:29  SCV x2  
  80  5:39  Terran Ship Weapons Level 1  
  80  5:41  SCV  
  80  5:42  SCV  
  82  5:45  Starport  
  82  5:46  Barracks  
  82  5:49  Starport  
  83  5:57  Liberator x2, SCV x2  
  83  5:58  Supply Depot  
  83  6:00  Supply Depot  
  84  6:09  SCV  
  91  6:20  Orbital Command  
  91  6:30  Banshee  
  91  6:32  Starport Tech Lab  
  94  6:33  SCV  
  94  6:34  SCV  
  94  6:35  Supply Depot  
  94  6:36  Supply Depot  
  93  6:45  SCV  
  94  6:48  Hellion x2, SCV  
  94  6:49  SCV  
  94  6:51  Banshee  
  94  6:52  Refinery  
  103  6:55  Refinery  
  103  6:56  Fusion Core, Liberator x2  
  103  6:57  SCV  
  103  7:00  SCV  
  105  7:01  SCV  
  105  7:05  Supply Depot x2  
  105  7:06  Supply Depot  
  106  7:10  SCV  
  106  7:12  SCV  
  106  7:13  SCV  
  115  7:19  Banshee  
  118  7:26  Hellion x2, SCV  
  118  7:27  SCV  
  127  7:37  Cloaking Field, Banshee  
  127  7:39  Liberator  
  127  7:41  Supply Depot  
  127  7:46  SCV x2  
  127  7:47  SCV  
  127  7:48  Hellion  
  132  7:52  Supply Depot  
  132  7:53  Supply Depot  
  135  7:58  SCV  
  135  7:59  SCV x2  
  135  8:04  Command Center  
  138  8:06  Hellion  
  138  8:08  Banshee  
  138  8:09  Hellion  
  138  8:10  SCV  
  138  8:11  SCV  
  147  8:22  Liberator, SCV  
  147  8:23  Supply Depot  
  147  8:24  Supply Depot, SCV  
  149  8:27  Hellion, Banshee  
  149  8:30  Hellion  
  155  8:36  SCV  
  155  8:37  SCV x2  
  164  8:48  SCV  
  164  8:49  Starport, SCV  
  164  8:50  SCV  
Show
View Real Time Build Order
Export as new Build Order

Vincent Zerg 

Build Orders: Hatch First 

Get SALT Encoding   

  12  0:01  Drone  
  13  0:12  Overlord  
  13  0:17  Drone  
  14  0:30  Drone x2  
  14  0:35  Drone  
  17  0:52  Hatchery  
  17  0:55  Drone  
  17  0:58  Drone  
  18  1:10  Extractor  
  17  1:13  Spawning Pool  
  17  1:16  Drone  
  17  1:20  Drone  
  18  1:28  Drone  
  19  1:38  Overlord  
  19  1:49  Drone  
  20  2:00  Zergling x2, Queen  
  23  2:04  Queen  
  23  2:05  Zergling x2  
  26  2:10  Metabolic Boost  
  26  2:11  Drone  
  28  2:15  Drone  
  28  2:22  Drone  
  29  2:26  Drone  
  30  2:32  Drone  
  30  2:35  Queen  
  33  2:41  Overlord  
  33  2:45  Drone  
  33  2:48  Pneumatized Carapace  
  33  2:49  Drone  
  35  2:54  Overlord  
  35  3:00  Drone  
  37  3:05  Drone  
  37  3:13  Drone x4  
  37  3:16  Drone  
  42  3:30  Hatchery  
  42  3:31  Queen  
  43  3:35  Drone x4  
  47  3:42  Overlord  
  47  3:43  Drone x2  
  49  3:49  Lair  
  49  3:56  Spore Crawler  
  49  3:58  Roach Warren, Extractor  
  49  4:02  Drone x2  
  48  4:05  Drone  
  48  4:06  Drone x2  
  48  4:08  Extractor, Drone  
  51  4:14  Queen  
  53  4:21  Drone, Spore Crawler  
  53  4:30  Spore Crawler  
  52  4:36  Drone  
  57  4:38  Roach x3  
  57  4:42  Overlord  
  57  4:43  Overlord  
  57  4:44  Roach x3  
  65  4:55  Drone  
  65  4:57  Overlord  
  65  4:58  Overlord  
  65  4:59  Evolution Chamber x2  
  64  5:03  Overseer  
  64  5:08  Drone x5  
  64  5:14  Overseer  
  68  5:19  Drone x4  
  71  5:23  Drone x2  
  73  5:32  Roach x3  
  79  5:39  Zerg Missile Weapons Level 1, Zerg Ground Armor Level 1  
  79  5:41  Roach  
  81  5:44  Overlord  
  81  5:50  Overlord  
  81  5:58  Overlord  
  81  5:59  Drone x4  
  81  6:01  Roach x4  
  92  6:12  Roach x3  
  95  6:24  Nydus Network  
  92  6:29  Drone x3  
  92  6:31  Queen  
  96  6:34  Drone  
  96  6:35  Drone x2  
  96  6:39  Queen  
  96  6:48  Queen  
  96  6:53  Roach x4  
  106  7:03  Overlord x2  
  106  7:05  Nydus Canal  
  106  7:11  Overlord x2  
  106  7:26  Nydus Canal  
  106  7:28  Drone  
  106  7:29  Drone x9  
  116  7:32  Extractor x2  
  116  7:33  Extractor  
  116  7:36  Infestation Pit  
  112  7:52  Hydralisk Den  
  112  7:54  Drone x2  
  112  7:58  Ravager x2  
  115  7:59  Hatchery  
  115  8:04  Drone x13  
  126  8:22  Overlord x2  
  126  8:30  Overseer  
  126  8:33  Overlord x2  
  125  8:40  Queen, Ravager  
  125  8:41  Ravager  
  129  8:42  Ravager  
  129  8:43  Hydralisk, Ravager  
  129  8:56  Hydralisk x4  
Tags
 
Add a new tag
Caveats
  • Supply blocks, unpowered buildings, or Contaminate may cause inaccurate times.
  • Supply counts are checked every 10 seconds.